 Dungeon Crawl Stone Soup version 0.29-a0-620-g13ace881f2 (webtiles) character file.

Game seed: 8581766161935663954

1565 HoaS the Quickloader (level 8, -21/67 HPs)
             Began as a Minotaur Hunter on June 18, 2022.
             Was a Follower of Makhleb.
             Killed from afar by a gargoyle (30 damage)
             ... with a stone arrow
             ... on level 7 of the Dungeon.
             The game lasted 00:13:16 (9133 turns).

HoaS the Quickloader (Minotaur Hunter)              Turns: 9133, Time: 00:13:17

Health: -21/67     AC:  3    Str: 22    XL:     8   Next: 59%
Magic:  7/7        EV: 14    Int:  6    God:    Makhleb [*.....]
Gold:   296        SH:  0    Dex: 16    Spells: 7/7 levels left

rFire   + . .      SeeInvis .   a - +1 hand crossbow
rCold   + . .      Faith    .   (no shield)
rNeg    . . .      Spirit   .   b - +0 leather armour
rPois   .          Reflect  .   (helmet restricted)
rElec   .          Harm     .   h - scarf {rC+ rF+}
rCorr   .          Rampage  .   (no gloves)
Will    .....                   (no boots)
Stlth   +.........              (no amulet)
HPRegen 0.21/turn               f - +6 ring of strength
MPRegen 0.10/turn               p - +4 ring of slaying

@: no status effects
A: horns 2, retaliatory headbutt
a: Renounce Religion


You were on level 7 of the Dungeon.
You worshipped Makhleb.
Makhleb was aware of your devotion.
You visited 2 branches of the dungeon, and saw 8 of its levels.

You collected 296 gold pieces.

Inventory:

Hand Weapons
 a - a +1 hand crossbow (weapon)
Missiles
 i - a throwing net
Armour
 b - a +0 leather armour (worn)
 g - a +0 scale mail
 h - a scarf of resistance (worn)
Jewellery
 f - a +6 ring of strength (left hand)
 j - a ring of resist corrosion
 l - a ring of flight
 p - a +4 ring of slaying (right hand)
Wands
 m - a wand of digging (5)
Scrolls
 c - a scroll of immolation
Potions
 d - 4 potions of curing
 e - a potion of attraction {unknown}
 k - a potion of haste {unknown}
 n - 2 potions of lignification {unknown}
 o - a potion of cancellation {unknown}
 q - a potion of mutation {unknown}


   Skills:
 + Level 4.9 Fighting
 - Level 10.0 Crossbows
 + Level 4.0 Armour
 * Level 5.9 Dodging
 - Level 0.7 Stealth


You had 7 spell levels left.
You didn't know any spells.
Your spell library contained the following spells:

 Spells                   Type           Power      Damage    Failure   Level
 Sublimation of Blood     Necr           0%         N/A       65%         2
 Wereblood                Tmut           0%         N/A       65%         2
 Blade Hands              Tmut           0%         N/A       100%        5
 Irradiate                Conj/Tmut      0%         3d13      100%        5
 Dragon Form              Tmut           0%         N/A       100%        7
 Summon Hydra             Summ           0%         N/A       100%        7


Dungeon Overview and Level Annotations

Branches:
Dungeon (7/15)             Temple (1/1) D:4

Altars:
Cheibriados
Dithmenos
Elyvilon
Gozag
Hepliaklqana
Kikubaaqudgha
Makhleb
Nemelex Xobeh
Okawaru
Qazlal
Sif Muna
Trog
Uskayaw
Vehumet
Wu Jian
Xom
Zin
The Shining One

Shops:
D:2 (


Innate Abilities, Weirdness & Mutations

You have a pair of horns on your head.
You reflexively headbutt those who attack you in melee.


Message History

Aim: a gargoyle, wielding a +0 mace (moderately damaged, 82% to hit)
You shoot a bolt.
The bolt hits the gargoyle but does no damage.
The gargoyle is moderately damaged.
The gargoyle hits you with a +0 mace.
Shoot: a) +1 hand crossbow
Press: ? - help, Q - select action, (/) - cycle Shift-Dir - straight line, f/p - gargoyle
Aim: a gargoyle, wielding a +0 mace (moderately damaged, 82% to hit)
You shoot a bolt.
The bolt hits the gargoyle but does no damage.
The gargoyle is moderately damaged.
The gargoyle hits you with a +0 mace!
Shoot: a) +1 hand crossbow
Press: ? - help, Q - select action, (/) - cycle Shift-Dir - straight line, f/p - gargoyle
Aim: a gargoyle, wielding a +0 mace (moderately damaged, 82% to hit)
You shoot a bolt.
The bolt hits the gargoyle but does no damage.
The gargoyle is moderately damaged.
The gargoyle closely misses you.
Shoot: a) +1 hand crossbow
Press: ? - help, Q - select action, (/) - cycle Shift-Dir - straight line, f/p - gargoyle
Aim: a gargoyle, wielding a +0 mace (moderately damaged, 82% to hit)
You shoot a bolt. The bolt barely misses the gargoyle.
The gargoyle hurls a stone arrow at you.
The stone arrow misses you.
Shoot: a) +1 hand crossbow
Press: ? - help, Q - select action, (/) - cycle Shift-Dir - straight line, f/p - gargoyle
Aim: a gargoyle, wielding a +0 mace (moderately damaged, 82% to hit)
You shoot a bolt. The bolt barely misses the gargoyle.
The gargoyle hits you with a +0 mace!
* * * LOW HITPOINT WARNING * * *
Shoot: a) +1 hand crossbow
Press: ? - help, Q - select action, (/) - cycle Shift-Dir - straight line, f/p - gargoyle
Aim: a gargoyle, wielding a +0 mace (moderately damaged, 82% to hit)
You shoot a bolt.
The bolt hits the gargoyle but does no damage.
The gargoyle is moderately damaged.
The gargoyle hurls a stone arrow at you.
The stone arrow hits you!!
You die...

#..#
##.##
##.##
##.##
##)###
#...#
##..#
#..#
#@)#
#9.#
#..#
#..#
#..#
...#
....
....


You could see a gargoyle.

Vanquished Creatures
  Grinder (D:6)
  An orc warrior (D:6)
  An ice beast (D:5)
  A phantom (D:6)
  A bullfrog (D:6)
  7 necrophages (D:6)
  A gnoll sergeant (D:5)
  A wight (D:6)
  2 bullfrog zombies (D:6)
  A centaur zombie (D:6)
  A human zombie (D:6)
  2 orc priests (D:7)
  A hound (D:5)
  Ijyb (D:4)
  2 orc wizards (D:6)
  A killer bee zombie (D:6)
  6 gnolls
  5 adders
  A shadow imp (D:7)
  A white imp (D:5)
  3 ufetubi
  2 worms (D:2)
  A dart slug (D:3)
  13 orcs
  5 bats
  9 endoplasms
  A giant cockroach (D:3)
  7 goblins
  7 hobgoblins
  4 quokkas
  7 ball pythons
  5 frilled lizards
  2 kobolds
  5 rats
109 creatures vanquished.

Notes
Turn   | Place    | Note
-------+----------+-------------------------------------------
     0 | D:1      | HoaS the Minotaur Hunter began the quest for the Orb.
     0 | D:1      | Reached XP level 1. HP: 18/18 MP: 0/0
   133 | D:1      | You fall into a shaft and drop 1 floor!
   182 | D:1      | Reached XP level 2. HP: 25/25 MP: 1/1
   289 | D:1      | Reached skill level 5 in Crossbows
   309 | D:1      | Found a faded altar of an unknown god.
   710 | D:2      | Found Wism's Weapon Shoppe.
   786 | D:2      | Reached XP level 3. HP: 30/30 MP: 2/2
  1412 | D:2      | Reached skill level 6 in Crossbows
  1911 | D:3      | Reached XP level 4. HP: 37/37 MP: 3/3
  2590 | D:4      | Found a staircase to the Ecumenical Temple.
  2602 | Temple   | Entered the Ecumenical Temple
  2796 | Temple   | Became a worshipper of Makhleb the Destroyer
  3032 | D:4      | Noticed Ijyb
  3051 | D:4      | Killed Ijyb
  3647 | D:5      | Entered Level 5 of the Dungeon
  3743 | D:5      | Reached skill level 7 in Crossbows
  3743 | D:5      | Reached XP level 5. HP: 39/42 MP: 4/4
  5648 | D:6      | Noticed a phantom
  5655 | D:6      | Killed a phantom
  5656 | D:6      | Reached skill level 8 in Crossbows
  5706 | D:6      | Reached XP level 6. HP: 47/50 MP: 5/5
  5939 | D:6      | Reached skill level 9 in Crossbows
  5948 | D:6      | Reached XP level 7. HP: 31/56 MP: 6/6
  6531 | D:6      | Reached skill level 10 in Crossbows
  6736 | D:6      | Found an ancient bone altar of Kikubaaqudgha.
  6749 | D:6      | Reached skill level 1 in Armour
  6924 | D:6      | Noticed a deep elf zephyrmancer
  7698 | D:5      | Reached XP level 8. HP: 52/66 MP: 7/7
  8528 | D:6      | Noticed Grinder
  8539 | D:6      | Killed Grinder
  8540 | D:6      | Reached skill level 5 in Dodging
  9114 | D:7      | Reached * piety under Makhleb
  9122 | D:7      | Noticed a gargoyle
  9133 | D:7      | Killed from afar by a gargoyle

Illustrated notes

Levels and vault maps discovered:
D:1:      minmay_arrival_stair_chambers, layout_loops_ring,
          dilly_ecumenical_altar_fadedgnrine, solitary_fountain
D:2:      layout_basic, serial_shops, shop_fountains, minmay_misc_feat_plants,
          item_on_display_a
D:3:      layout_loops_ring
D:4:      layout_loops_corners, minmay_temple_entry_glassed_door,
          grunt_ministairs_8, uniq_ijyb
D:5:      layout_layer_cave
D:6:      layout_basic, lemuel_mausoleum_altar_kikubaaqudgha,
          guppyfry_early_elven_hall, uniq_grinder
D:7:      layout_layer_cave, enter_bailey_2, serial_shops, shop,
          nicolae_shop_sticking_my_neck_out
Temple:   minmay_crystal_spiral_temple

Skill      XL: |  1  2  3  4  5  6  7  8 |
---------------+-------------------------+-----
Crossbows      | 5 6 7 8 9 10 | 10.0
Armour         | 2 4 |  4.0
Fighting       | 3 4 |  4.9
Dodging        | 4 5 |  5.9
Stealth        | |  0.7

Action                   |  1- 3 |  4- 6 |  7- 9 || total
-------------------------+-------+-------+-------++-------
 Fire: Hand crossbow     |   117 |   156 |   240 ||   513
  Use: Scroll            |     5 |       |     3 ||     8
       Potion            |       |       |     5 ||     5
Armor: Leather armour    |    20 |    16 |    16 ||    52
Dodge: Dodged            |    30 |    61 |    90 ||   181

Table legend: (Time is in decaauts)
 A = Elapsed time spent in this place.
 B = Non-inter-level travel time spent in this place.
 C = Inter-level travel time spent in this place.
 D = Time resting spent in this place.
 E = Time spent auto-exploring this place.
 F = Levels seen in this place.
 G = Mean time per level.
                   A        B        C        D        E       F      G
               +--------+--------+--------+--------+--------+-----+--------+
         Total |   9204 |   8691 |    513 |   3522 |   4100 |   8 | 1150.5 |
       Dungeon |   8990 |   8562 |    428 |   3522 |   3988 |   7 | 1284.3 |
        Temple |    213 |    128 |     85 |      0 |    112 |   1 |  213.0 |
               +--------+--------+--------+--------+--------+-----+--------+

Top non-repeatable levels by time:
     D:4: 2241 daAuts
     D:6: 2177 daAuts
     D:5: 1862 daAuts
     D:2: 1085 daAuts
     D:3: 844 daAuts
     D:1: 703 daAuts
  Temple: 213 daAuts
     D:7: 75 daAuts
